 Dungeon Crawl Stone Soup version 0.28-a0-8-g6e044cfa68 (webtiles) character file.

Game seed: 12691590481308059514

290 graki42 the Sneak (level 6, -3/36 HPs)
             Began as an Octopode Enchanter on July 23, 2021.
             Slain by a lemure (9 damage)
             ... led by Pikel
             ... on level 6 of the Dungeon.
             The game lasted 00:10:45 (4735 turns).

graki42 the Sneak (Octopode Enchanter)              Turns: 4735, Time: 00:10:45

Health: -3/36      AC:  1    Str:  8    XL:     6   Next: 32%
Magic:  7/10       EV: 14    Int: 17    God:
Gold:   194        SH:  0    Dex: 14    Spells: 8/11 levels left

rFire   . . .      SeeInvis .   a - +1 dagger
rCold   . . .      Faith    .   (no shield)
rNeg    . . .      Spirit   .   (helmet restricted)
rPois   .          Reflect  .   (no amulet)
rElec   .          Harm     .   (no ring)
rCorr   .          Rampage  .   (no ring)
Will    .....                   (no ring)
Stlth   +++++.....              (no ring)
HPRegen 0.12/turn               (no ring)
MPRegen 0.12/turn               (no ring)
                                (no ring)
                                (no ring)

@: no status effects
A: almost no armour, amphibious, 8 rings, camouflage 1, gelatinous body 1,
nimble swimmer 1, tentacles
a: no special abilities


You were on level 6 of the Dungeon.
You visited 1 branch of the dungeon, and saw 5 of its levels.

You collected 194 gold pieces.

Inventory:

Hand Weapons
 a - a +1 dagger (weapon)
Missiles
 c - 2 boomerangs
Wands
 j - a wand of iceblast (12)
Scrolls
 b - a scroll of magic mapping
 f - a scroll of fog {unknown}
 g - 2 scrolls of teleportation
 i - a scroll of blinking {unknown}
 k - a scroll of amnesia {unknown}
 l - a scroll of enchant armour
 m - a scroll of vulnerability {unknown}
 n - a scroll of fear
 o - a scroll of identify {unknown}
Potions
 d - a potion of brilliance {unknown}
 e - a potion of curing
 h - 3 potions of heal wounds


   Skills:
 + Level 2.7 Short Blades
 + Level 3.3 Dodging
 + Level 5.5 Stealth
 + Level 3.2 Spellcasting
 + Level 4.0 Hexes


You had 8 spell levels left.
You knew the following spells:

 Your Spells              Type           Power      Damage    Failure   Level
a - Corona                Hex            17%        N/A       3%          1
b - Ensorcelled Hibernat  Hex/Ice        18%        N/A       11%         2

Your spell library contained the following spells:

 Spells                   Type           Power      Damage    Failure   Level
 Confusing Touch          Hex            16%        N/A       10%         3
 Tukima's Dance           Hex            16%        N/A       10%         3
 Summon Small Mammal      Summ           8%         N/A       17%         1
 Dazzling Flash           Conj/Hex       18%        N/A       22%         3
 Poisonous Vapours        Pois/Air       4%         N/A       26%         2
 Ignite Poison            Fire/Tmut/Pois 2%         N/A       45%         3
 Mephitic Cloud           Conj/Pois/Air  2%         N/A       45%         3
 Bolt of Magma            Conj/Fire/Erth 1%         4d4       99%         5
 Freezing Cloud           Conj/Ice/Air   1%         6-21      99%         5


Dungeon Overview and Level Annotations

Branches:
Dungeon (4/15)
 Temple: D:4-7

Altars:
Ashenzari
Elyvilon
Kikubaaqudgha
Makhleb
Qazlal
Trog
Uskayaw
Vehumet
Wu Jian
Zin

Annotations:
D:6 Pikel


Innate Abilities, Weirdness & Mutations

You cannot wear most types of armour.
You are amphibious.
You can wear up to eight rings at the same time.
Your skin changes colour to match your surroundings (Stealth+).
Your rubbery body absorbs attacks. (AC +1, EV +1)
You are camouflaged near water. (Stealth+)
You have tentacles for arms and can constrict up to eight enemies at once.


Message History

You constrict the gnoll, but do no damage.
You hit the gnoll.
The gnoll is lightly wounded.
You constrict the gnoll, but do no damage.
The gnoll barely misses you.
You hit the gnoll.
The gnoll is moderately wounded.
You constrict the gnoll, but do no damage.
Pikel drinks a potion.
Pikel seems to grow stronger.
The gnoll hits you with a +0 spear!
You hit the gnoll.
The gnoll is heavily wounded.
You constrict the gnoll. The gnoll completely misses you.
You hit the gnoll.
The gnoll is severely wounded.
You constrict the gnoll. The gnoll barely misses you.
You hit the gnoll but do no damage. You squeeze the gnoll.
The gnoll is almost dead.
You constrict the gnoll.
You kill the gnoll!
You hit the lemure but do no damage. Your grab misses the lemure.
Your squeeze misses the lemure. You hit the lemure but do no damage.
Your grab misses the lemure.
The howler monkey hoots and howls with incredible vigour!
The lemure misses you.
You hear a shout! x2; You hear a bellow!
You hear a shout!
You hear a bellow!
You hear a shout!
You hit the lemure but do no damage. You grab the lemure.
You constrict the lemure. The lemure hits you!
You hit the lemure.
The lemure is lightly wounded.
You constrict the lemure, but do no damage.
The lemure misses you.
You barely miss the lemure.
The lemure is lightly wounded.
You constrict the lemure. The lemure hits you!
* * * LOW HITPOINT WARNING * * *
Unknown command.
You constrict the lemure. The lemure hits you!
You die...

,****,,,,,***,,...## *,*
*,,,, ,* *,,,,,***,,....#
*,* *,,,, ,*
****,,,****#.#.# *,* *,,,,
********,,,* #.#.# *,* **+**
,,,,,,,.,,,* #.#.##*.# ***
*******#h..#####.#..##.###**
,,,,,,,#g.g5.gh5K....#...,,*
******,#......#5####.#.#####
**** ****
*,#5..gK.#≈@≈≈#.......# *,,,
≈≈≈***,.....5[#≈._≈#...#####
*,,,
≈≈≈≈,,,#.....5#≈.>≈#...#
*,,,
,∩≈≈,,,#g####.#≈≈≈≈#...#
**** ≈≈≈≈***#,*
#.######...##### ≈≈≈,,,,,,*
#.........>....# **********
**##.##..#†....###*** *
*....##........,,* *
####.*#........,,*


You could see 2 lemures, a howler monkey and a gnoll.

Vanquished Creatures
  A centaur zombie (D:6)
  A gnoll shaman (D:3)
  A centaur skeleton (D:3)
  A hound (D:6)
  5 gnolls
  2 adders
  An adder skeleton (D:4)
  5 worms (D:3)
  An orc (D:3)
  5 endoplasms
  5 giant cockroaches
  16 goblins
  4 hobgoblins
  8 jackals
  3 kobolds
  6 quokkas
  12 ball pythons
  8 bats
  3 frilled lizards
  3 rats
91 creatures vanquished.

Vanquished Creatures (others)
  An endoplasm (D:3)
  A goblin (D:3)
  2 fungi (D:2)
  2 plants (D:2)
6 creatures vanquished.

Grand Total: 97 creatures vanquished

Notes
Turn   | Place    | Note
-------+----------+-------------------------------------------
     0 | D:1      | graki42 the Octopode Enchanter began the quest for the Orb.
     0 | D:1      | Reached XP level 1. HP: 11/11 MP: 3/3
   362 | D:1      | Reached XP level 2. HP: 17/17 MP: 5/5
   475 | D:1      | Learned a level 2 spell: Ensorcelled Hibernation
   708 | D:1      | Reached XP level 3. HP: 20/21 MP: 6/6
  1632 | D:2      | Reached XP level 4. HP: 15/27 MP: 0/7
  1932 | D:2      | Found a faded altar of an unknown god.
  1938 | D:2      | Got Plato's Papyrus of the Entourage
  2464 | D:3      | Found a broken altar of Ashenzari.
  2464 | D:3      | Found an ancient bone altar of Kikubaaqudgha.
  2518 | D:3      | Reached skill level 5 in Stealth
  2518 | D:3      | Reached XP level 5. HP: 29/31 MP: 7/9
  3532 | D:3      | Found a radiant altar of Vehumet.
  4296 | D:4      | Reached XP level 6. HP: 36/36 MP: 10/10
  4351 | D:4      | Found an ornate altar of the Wu Jian Council.
  4504 | D:4      | Found a burning altar of Makhleb.
  4504 | D:4      | Found a glowing silver altar of Zin.
  4510 | D:4      | Found a bloodstained altar of Trog.
  4513 | D:4      | Found a faded altar of an unknown god.
  4515 | D:4      | Found a hide-covered altar of Uskayaw.
  4562 | D:4      | Found a white marble altar of Elyvilon.
  4562 | D:4      | You fall into a shaft and drop 2 floors!
  4716 | D:6      | Found a stormy altar of Qazlal.
  4717 | D:6      | Noticed Pikel
  4735 | D:6      | Slain by a lemure

Illustrated notes

Levels and vault maps discovered:
D:1:      evilmike_arrival_plus, layout_loops_corners, corexii_corridor_pit,
          feat_on_display
D:2:      layout_rooms, shapermc_ecumenical_altar_rom_forum
D:3:      minmay_thinvault, layout_basic, fiery_altar_vehumet,
          chequers_temple_overflow_statue_of_worship, st_stairs_13
D:4:      layout_cave_pools, mainiacjoe_overflow_alcove_4,
          pdpol_wu_jian_five_deadly_venoms, chequers_temple_overflow_minitemple,
          serial_bayou_lake_a
D:6:      layout_basic, general_overflow_altar, lemuel_zombie_altar_yredelemnul,
          serial_shops, nicolae_shop_waterfront, minmay_quadrilaterals,
          uniq_pikel, uniq_crazy_yiuf_cottage, uniq_grinder

Skill      XL: |  1  2  3  4  5  6 |
---------------+-------------------+-----
Short Blades   | 2 |  2.7
Stealth        | 5 |  5.5
Dodging        | 3 |  3.3
Spellcasting   | 3 |  3.2
Hexes          | 4 |  4.0

Action                   |  1- 3 |  4- 6 || total
-------------------------+-------+-------++-------
Melee: Dagger            |    75 |   117 ||   192
       Tentacles         |    15 |    30 ||    45
       Constrict         |    14 |    22 ||    36
 Cast: Ensorcelled Hiber |     3 |    15 ||    18
  Use: Scroll            |       |     6 ||     6
       Potion            |       |     2 ||     2
 Stab: Sleeping          |    16 |    22 ||    38
Armor: Skin              |     3 |    13 ||    16
Dodge: Dodged            |    34 |    74 ||   108

Table legend: (Time is in decaauts)
 A = Elapsed time spent in this place.
 B = Non-inter-level travel time spent in this place.
 C = Inter-level travel time spent in this place.
 D = Time resting spent in this place.
 E = Time spent auto-exploring this place.
 F = Levels seen in this place.
 G = Mean time per level.
                   A        B        C        D        E       F      G
               +--------+--------+--------+--------+--------+-----+--------+
         Total |   4715 |   4646 |     69 |   1037 |   2955 |   5 |  943.0 |
       Dungeon |   4715 |   4646 |     69 |   1037 |   2955 |   5 |  943.0 |
               +--------+--------+--------+--------+--------+-----+--------+

Top non-repeatable levels by time:
     D:3: 1716 daAuts
     D:1: 1464 daAuts
     D:2: 993 daAuts
     D:4: 372 daAuts
     D:6: 169 daAuts
